 Dungeon Crawl Stone Soup version 0.20.1-1-g8b1a95d (webtiles) character file.

50 Linguinho the Gusty (level 3, 0/26 HPs)
             Began as a Draconian Air Elementalist on Oct 30, 2017.
             Slain by a worm (5 damage)
             ... on level 1 of the Dungeon.
             The game lasted 00:08:40 (2670 turns).

Linguinho the Gusty (Draconian Air Elementalist)    Turns: 2670, Time: 00:08:41

Health: 0/26       AC:  5    Str: 10    XL:     3   Next: 55%
Magic:  1/6        EV: 12    Int: 16    God:
Gold:   84         SH:  0    Dex: 11    Spells: 1/7 levels left

rFire    . . .     SeeInvis .   j - +0 whip
rCold    . . .     Gourm    .   (no shield)
rNeg     . . .     Faith    .   (armour unavailable)
rPois    .         Spirit   .   (helmet restricted)
rElec    .         Reflect  .   (no cloak)
rCorr    .         Harm     .   (no gloves)
MR       ++...                  (no boots)
Stlth    ++........             (no amulet)
Regen    0.1/turn               e - ring of protection from magic
MPRegen  0.1/turn               g - ring of protection from magic

@: no status effects
A: unfitting armour, cold-blooded, AC +5
a: no special abilities


You were on level 1 of the Dungeon.
You were near starving.

You visited 1 branch of the dungeon, and saw 2 of its levels.

You collected 84 gold pieces.

Inventory:

Hand Weapons
 j - a +0 whip (weapon)
Jewellery
 e - a ring of protection from magic (left hand)
 g - a ring of protection from magic (right hand)
Scrolls
 c - a scroll of blinking {unknown}
 d - a scroll of enchant armour {unknown}
 h - a scroll of magic mapping {unknown}
 i - a scroll of recharging {unknown}
Potions
 f - 2 potions of heal wounds {unknown}
Books
 a - a book of Air

   Spells                             Type                      Level
   a - Shock                          Conjuration/Air              1
   b - Swiftness                      Charms/Air                   2
   c - Static Discharge               Conjuration/Air              3
   d - Airstrike                      Air                          4
   e - Lightning Bolt                 Conjuration/Air              5
Comestibles
 b - a bread ration


   Skills:
 + Level 1.8 Dodging
 - Level 1.7 Stealth
 * Level 2.5 Spellcasting
 * Level 1.3 Conjurations
 * Level 4.0 Air Magic


You had one spell level left.
You knew the following spells:

 Your Spells              Type           Power        Failure   Level  Hunger
a - Shock                 Conj/Air       ##..         6%          1    #......
b - Swiftness             Chrm/Air       #.......     13%         2    ##.....
c - Static Discharge      Conj/Air       ##......     19%         3    ###....


Dungeon Overview and Level Annotations

Branches:
Dungeon (2/15)

Altars:


Innate Abilities, Weirdness & Mutations

Your plain brown scales are hard. (AC +5)
You cannot fit into any form of body armour.
You are cold-blooded and may be slowed by cold attacks.


Message History

The worm bites you!
You hit the worm but do no damage.
Your tail-slap misses the worm.
The worm is lightly wounded.
You barely miss the worm.
The worm is lightly wounded.
The worm barely misses you.
You barely miss the worm.
The worm is lightly wounded.
You are near starving!
The worm bites you.
You hit the worm.
The worm is lightly wounded.
You barely miss the worm.
The worm is lightly wounded.
The worm bites you.
* * * LOW HITPOINT WARNING * * *
You hit the worm.
The worm is lightly wounded.
The worm bites you.
You die...

♣♣..P.♣.♣###♣♣.#.#.#.#
#♣♣♣.♣P)♣♣♣.....#.#.#.#
#.♣♣P.P.♣ ♣##...#w#.#.#
#..♣♣♣..♣ ♣...#.#.#.#.#
###'#♣.P♣♣#.###.#.#)#.#
#.#..♣♣.......#.#.#.#
#.#.#.#.##.####.#.#.#
#.#.#.#.##.## #.#.#.#
#.#.#@#.##..###.#.#.#
#.#.#w#.........#.#.#
#...#.#.###.♣♣♣♣♣♣♣♣♣# ####
#####.#...............
#≈≈### #.#.####♣♣♣♣♣♣♣♣♣.
###.≈≈≈### #.#.####.#..# #..
P...≈≈≈≈≈# #.#.........# #.#
.#####≈##≈≈#####.#######...#
#.# ## ##
####..#.#######...####.#


You could see a worm.

Vanquished Creatures
  An adder (D:2)
  2 dart slugs
  4 giant cockroaches (D:1)
  2 goblins (D:1)
  5 hobgoblins (D:1)
  7 kobolds (D:1)
  6 bats (D:1)
  3 frilled lizards (D:1)
  5 rats
35 creatures vanquished.

Notes
Turn   | Place    | Note
-------+----------+-------------------------------------------
     0 | D:1      | Linguinho the Draconian Air Elementalist began the quest for the Orb.
     0 | D:1      | Reached XP level 1. HP: 14/14 MP: 3/3
   401 | D:1      | Reached XP level 2. HP: 17/20 MP: 0/5
   463 | D:1      | Learned a level 2 spell: Swiftness
  1055 | D:1      | Reached XP level 3. HP: 26/26 MP: 4/6
  1148 | D:1      | Learned a level 3 spell: Static Discharge
  1599 | D:2      | Reached skill level 4 in Air Magic
  1975 | D:2      | HP: 1/26 [worm (9)]
  2670 | D:1      | Slain by a worm

Skill      XL: |  1  2  3 |
---------------+----------+-----
Air Magic      | 4 |  4.0
Dodging        | |  1.8
Stealth        | |  1.7
Spellcasting   | |  2.5
Conjurations   | |  1.3

Action                   || total
-------------------------++-------
Melee: Unarmed           ||    57
       Tailslap          ||     5
       Whip              ||    10
 Cast: Shock             ||   113
       Static Discharge  ||     1
  Eat: Bread ration      ||     1
       Chunk             ||     1
Armor: Skin              ||    17
Dodge: Dodged            ||    41
